 Adventure DCSS version bcrawl-1.27.3 (webtiles) character file.

Game seed: 9747900187981307499

140742 galech the Covered (level 5, 42/42 HPs)
             Began as a Demonspawn Fighter on Aug 4, 2020.
             Quit the game on level 3 of the Dungeon.
             The game lasted 00:03:35 (2678 turns).

galech the Covered (Demonspawn Fighter)             Turns: 2678, Time: 00:03:35

Health: 42/42      AC: 10    Str: 18    XL:     5   Next: 22%
Magic:  5/5        EV:  6    Int:  9    God:
Gold:   208        SH:  9    Dex: 17    Spells: 4/4 levels left
                                        Lives:  1   Deaths: 1

rFire    . . .     SeeInvis .   a - +0 war axe
rCold    + . .     Gourm    .   c - +0 medium shield
rNeg     . . .     Faith    .   b - +0 scale mail
rPois    .         Spirit   .   (no helmet)
rElec    .         Reflect  .   k - +0 cloak
rCorr    .         Harm     .   u - +1 pair of gloves
MR       .....                  (no boots)
Stlth    +.........             (no amulet)
HPRegen  0.14/turn              n - ring of protection from cold (curse)
MPRegen  0.09/turn              (no ring)

@: no status effects
A: talons 1, thin skeletal structure 2, rot immunity
a: no special abilities


You were on level 3 of the Dungeon.
You were not hungry.

You visited 1 branch of the dungeon, and saw 3 of its levels.

You collected 208 gold pieces.

Inventory:

Hand Weapons
 a - a +0 war axe (weapon)
Armour
 b - a +0 scale mail (worn)
 c - a +0 medium shield (worn)
 k - a +0 cloak (worn)
 u - a +1 pair of gloves (worn)
Jewellery
 n - a cursed ring of protection from cold (left hand)
Wands
 l - a wand of polymorph (10)
 r - a wand of flame (27)
Scrolls
 f - a scroll of teleportation {unknown}
 g - 3 scrolls of enchant armour
 h - a scroll of remove curse {unknown}
 i - 2 scrolls of enchant weapon {unknown}
 s - a scroll of amnesia {unknown}
 t - a scroll of fog {unknown}
Potions
 d - 2 potions of degeneration {unknown}
 j - a potion of lignification {unknown}
 m - a potion of brilliance {unknown}
 o - a potion of haste {unknown}
 p - 3 potions of heal wounds {unknown}
 q - a potion of flight {unknown}
Comestibles
 e - 5 rations {!d}


   Skills:
 + Level 3.8 Fighting
 + Level 3.7 Axes
 + Level 3.9 Armour
 + Level 1.2 Dodging
 + Level 0.8 Stealth
 + Level 3.6 Shields


You had 4 spell levels left.
You didn't know any spells.
Your spell library was empty.

Dungeon Overview and Level Annotations

Branches:
Dungeon (3/12)

Altars:
Fedhas

Annotations:
D:3 Grinder


Innate Abilities, Weirdness & Mutations

You have sharp toenails.
You have a moderately thin skeletal structure. (Dex +4, Stealth+)
You are immune to rotting.


Message History

The orc wizard seems to speed up.
Grinder hits you but does no damage.
You hear a shout!
You closely miss Grinder. Your kick misses Grinder.
Grinder is severely wounded.
You hear a shout!
Grinder gestures at you.
You shrug off the repeated paralysis!
You closely miss Grinder. You claw Grinder.
Grinder is severely wounded.
Grinder gestures at you.
You suddenly lose the ability to move!
Grinder hits you but does no damage. Grinder gestures at you.
You resist with significant effort. Grinder hits you!
You die...
You can move again.
Xom reaches out...
You are now level 5!
You rejoin the land of the living...
Are you sure you want to abandon this character and quit the game? (Confirm with "yes".)

#)#....#...# ##..
#.##.#.#.### ########.##
#.##.#.#.# #........#
#.##.#.#.#######.######.##
#.##.#.#........)...##....
#.##(#.#.#######.##.##...#
#.##.#....######.##.##...#
#.##.............##.......
#.####...@#...............
#.# #.#.##.#######.......
#.####.#.......## #.##....
#........(..#...###.##....
#######..###.#.#.##.##....
#..##.##.##.#.#.....
#...........))#.#...
#.###.##.##.###.###.
#.####)#...)....###.


There were no monsters in sight!

Vanquished Creatures
  Sigmund (D:3)
  Terence (D:3)
  3 gnolls
  An adder (D:2)
  2 oozes (D:1)
  2 worms
  A dart slug (D:1)
  4 leopard geckos
  A ball python (D:2)
  3 bats
  3 giant cockroaches
  11 hobgoblins
  12 jackals
  11 kobolds
  2 quokkas
  4 frilled lizards
  8 goblins
  5 rats
75 creatures vanquished.

Notes
Turn   | Place    | Note
-------+----------+-------------------------------------------
     0 | D:1      | galech the Demonspawn Fighter began the quest for the Orb.
     0 | D:1      | Reached XP level 1. HP: 18/18 MP: 1/1
   101 | D:1      | Gained mutation: You have a somewhat thin skeletal
                  | structure. (Dex +2, Stealth) [demonic ancestry]
   101 | D:1      | Reached XP level 2. HP: 12/24 MP: 2/2
   645 | D:1      | Reached XP level 3. HP: 28/29 MP: 3/3
  1257 | D:2      | Gained mutation: You have sharp toenails. [demonic
                  | ancestry]
  1257 | D:2      | Reached XP level 4. HP: 14/35 MP: 4/4
  1877 | D:2      | Found a blossoming altar of Fedhas.
  2243 | D:3      | Noticed Sigmund
  2245 | D:3      | Noticed Terence
  2250 | D:3      | Killed Sigmund
  2250 | D:3      | Reached skill level 1 in Dodging
  2250 | D:3      | Gained mutation: You are immune to rotting. [demonic
                  | ancestry]
  2250 | D:3      | Reached XP level 5. HP: 14/42 MP: 5/5
  2250 | D:3      | Gained mutation: You have a moderately thin skeletal
                  | structure. (Dex +4, Stealth+) [demonic ancestry]
  2250 | D:3      | Reached XP level 6. HP: 16/48 MP: 6/6
  2251 | D:3      | Killed Terence
  2660 | D:3      | Found a faded altar of an unknown god.
  2664 | D:3      | Noticed Grinder
  2670 | D:3      | Paralysed by Grinder for 2 turns
  2675 | D:3      | Paralysed by Grinder for 3 turns
  2677 | D:3      | Slain by Grinder
  2678 | D:3      | Reached XP level 5. HP: -3/42 MP: 5/5
  2678 | D:3      | Quit the game

Skill      XL: |  1  2  3  4 |
---------------+-------------+-----
Armour         | 3 |  3.9
Axes           | 2 3 |  3.7
Shields        | 3 |  3.6
Dodging        | 1 |  1.2
Fighting       | |  3.8
Stealth        | |  0.8

Action                   |  1- 3 |  4- 6 || total
-------------------------+-------+-------++-------
Melee: War axe           |   108 |   123 ||   231
       Kick              |       |    27 ||    27
  Use: Scroll            |     1 |       ||     1
       Potion            |       |     1 ||     1
  Eat: Chunk             |     5 |     9 ||    14
Armor: Scale mail        |    52 |    59 ||   111
Dodge: Dodged            |    22 |    25 ||    47
Block: Medium shield     |    80 |    53 ||   133
